 Dungeon Sprint DCSS version 0.21-a0-50-g941c862 (webtiles) character file.

53 Kidiri the Ruffian (level 3, -4/38 HPs)
             Began as a Troll Monk on June 11, 2017.
             Slain by a water elemental (14 damage)
             ... in the Dungeon (Sprint III: "The Ten Rune Challenge").
             The game lasted 00:01:25 (211 turns).

Kidiri the Ruffian (Troll Monk)                      Turns: 211, Time: 00:01:26

Health: -4/38      AC:  6    Str: 19    XL:     3   Next: 64%
Magic:  2/2        EV: 11    Int:  6    God:
Gold:   44         SH:  0    Dex: 15    Spells: 2/2 levels left

rFire    . . .     SeeInvis .     - Unarmed
rCold    . . .     Gourm    +   (no shield)
rNeg     . . .     Faith    .   a - +0 robe
rPois    .         Spirit   .   (helmet restricted)
rElec    .         Reflect  .   (no cloak)
rCorr    .         Harm     .   (gloves unavailable)
MR       +....     NoTele   +   (boots unavailable)
Stlth    ++........             (no amulet)
Regen    0.6/turn               (no ring)
MPRegen  0.1/turn               (no ring)

@: no status effects
A: unfitting armour, claws 3, rugged brown scales 1, agile 1, fast metabolism 3,
gourmand, magic resistance 1, regeneration 1, shaggy fur 1, tough skin 2
a: no special abilities


You were in the Dungeon.
You were not hungry.

You visited 1 branch You collected 44 gold pieces.

Inventory:

Armour
 a - a +0 robe (worn)
Scrolls
 h - a scroll of blinking
 i - 2 scrolls of torment {unknown}
 j - 3 scrolls of identify
 k - 4 scrolls of remove curse
Potions
 d - a potion of heal wounds
 e - a potion of haste
 f - 2 potions of magic
 g - a potion of berserk rage
 l - 3 potions of flight
Comestibles
 b - 4 bread rations
 m - a meat ration


   Skills:
 * Level 3.6 Fighting
 + Level 1.7 Armour
 * Level 3.6 Dodging
 * Level 2.4 Stealth
 * Level 4.4 Unarmed Combat


You had 2 spell levels left.
You didn't know any spells.

Dungeon Overview and Level Annotations

Branches:
Dungeon (1/1)

Altars:


Innate Abilities, Weirdness & Mutations

You are too large for most types of armour.
You have claws for hands.
Your metabolism is lightning-fast.
You like to eat raw meat.
Your natural rate of healing is unusually fast.
You are covered in fur. (AC +1)
You have very tough skin. (AC +2)
You are partially covered in rugged brown scales. (AC +1, +3% HP)
You are agile. (Dex +2)
You are resistant to hostile enchantments. (MR+)


Message History

The water elemental is moderately damaged.
The water elemental misses you.
You scratch the water elemental.
The water elemental is moderately damaged.
The water elemental hits you!!
You scratch the water elemental but do no damage.
The water elemental is moderately damaged.
The water elemental hits you!
You closely miss the water elemental.
The water elemental is moderately damaged.
The water elemental closely misses you.
You scratch the water elemental but do no damage.
The water elemental is moderately damaged.
The water elemental hits you.
* * * LOW HITPOINT WARNING * * *
The water elemental engulfs you in water!
With effort, you pull free of the water engulfing you.
You gasp with relief as air once again reaches your lungs.
The water elemental hits you!
You die...

..##.......#..#..#, ,*
##.##.##...#..#..###+#+##
##.##.###..##+#..#.......
#.####.##..###...'.⌠.....
.###..##..####...#...####
#.....##).###....#.⌠.#
###..##...##.....#...# ,
##..##....#.....E#+###
#..###..##.#....@# * #..#
#..#####....# ▓▓▓▓ ▓▓▓▓
▓▓▓▓▓▓ ** , * ≈ ≈ ≈ * * *
* ,≈ + + *


You could see a water elemental.

Vanquished Creatures
  Jessica (D)
  A human (D)
  An ooze (D)
  A phantom (D)
  2 rats (D)
6 creatures vanquished.

Vanquished Creatures (others)
  A draconian scorcher (D)
  5 hellions (D)
  2 plants (D)
8 creatures vanquished.

Grand Total: 14 creatures vanquished

Notes
Turn   | Place    | Note
-------+----------+-------------------------------------------
     0 | D        | Kidiri the Troll Monk began the quest for the Orb.
     0 | D        | Reached XP level 1. HP: 22/22 MP: 0/0
    45 | D        | Noticed Jessica
    47 | D        | HP: 1/22 [Jessica/nerve-wracking pain (10)]
    51 | D        | Killed Jessica
    51 | D        | Reached skill level 1 in Armour
    51 | D        | Reached skill level 4 in Unarmed Combat
    51 | D        | Reached XP level 2. HP: 5/31 MP: 1/1
    51 | D        | Reached XP level 3. HP: 6/37 MP: 2/2
    93 | D        | Killed a hellion
    93 | D        | Killed a hellion
    94 | D        | Killed a hellion
    94 | D        | Killed a hellion
    96 | D        | Killed a hellion
   169 | D        | Killed a white draconian scorcher
   182 | D        | Gained mutation: You are clumsy. (Dex -2) [potion of mutation]
   182 | D        | Gained mutation: Your spells are a little easier to cast, but a little less powerful. [potion of mutation]
   182 | D        | Gained mutation: You are partially covered in molten scales. (AC +2) [potion of mutation]
   183 | D        | Lost mutation: Your spells are a little easier to cast, but a little less powerful. [potion of mutation]
   183 | D        | Lost mutation: You are clumsy. (Dex -2) [potion of mutation]
   183 | D        | Lost mutation: You are partially covered in molten scales. (AC +2) [potion of mutation]
   183 | D        | Gained mutation: You tend to lose your temper in combat. [potion of mutation]
   183 | D        | Gained mutation: Your magical capacity is low. (-10% MP) [potion of mutation]
   183 | D        | Gained mutation: You passively map a small area around you. [potion of mutation]
   184 | D        | Lost mutation: You tend to lose your temper in combat. [potion of mutation]
   184 | D        | Lost mutation: Your magical capacity is low. (-10% MP) [potion of mutation]
   184 | D        | Lost mutation: You passively map a small area around you. [potion of mutation]
   184 | D        | Gained mutation: You have a beak for a mouth. [potion of mutation]
   184 | D        | Gained mutation: You have sharp toenails. [potion of mutation]
   185 | D        | Lost mutation: You have sharp toenails. [potion of mutation]
   185 | D        | Gained mutation: Your muscles are strong. (Str +2) [potion of mutation]
   185 | D        | Gained mutation: You are frail. (-10% HP) [potion of mutation]
   185 | D        | Gained mutation: You have sharp toenails. [potion of mutation]
   186 | D        | Lost mutation: You have sharp toenails. [potion of mutation]
   186 | D        | Lost mutation: Your muscles are strong. (Str +2) [potion of mutation]
   186 | D        | Lost mutation: You are frail. (-10% HP) [potion of mutation]
   186 | D        | Lost mutation: You have a beak for a mouth. [potion of mutation]
   186 | D        | Gained mutation: You are agile. (Dex +2) [potion of mutation]
   186 | D        | Gained mutation: You are partially covered in rugged brown scales. (AC +1, +3% HP) [potion of mutation]
   186 | D        | Gained mutation: You are resistant to hostile enchantments. (MR+) [potion of mutation]
   200 | D        | Noticed a water elemental
   211 | D        | Slain by a water elemental

Vault maps used:
D:        dungeon_sprint_mu

Skill      XL: |  1 |
---------------+----+-----
Fighting       | 3 |  3.6
Armour         | 1 |  1.7
Dodging        | 3 |  3.6
Stealth        | 2 |  2.4
Unarmed Combat | 4 |  4.4

Action                   || total
-------------------------++-------
Melee: Unarmed           ||    29
       Punch             ||     1
  Use: Potion            ||     6
 Stab: Sleeping          ||     1
  Eat: Chunk             ||     2
Armor: Robe              ||     4
Dodge: Dodged            ||    11
